 Dungeon Crawl Stone Soup version 0.24-a0-443-g80245de (webtiles) character file.

Game seed: 11603676872960332061

33 MatthieuS the Shooter (level 3, -4/26 HPs)
             Began as a Human Wanderer on June 21, 2019.
             Slain by a goblin
             ... wielding a +0 dagger
             ... led by Robin
              (5 damage)
             ... on level 2 of the Dungeon.
             The game lasted 00:02:10 (1334 turns).

MatthieuS the Shooter (Human Wanderer)              Turns: 1334, Time: 00:02:10

Health: -4/26      AC:  5    Str: 11    XL:     3   Next: 47%
Magic:  3/3        EV: 10    Int: 18    God:
Gold:   14         SH:  3    Dex: 11    Spells: 2/2 levels left

rFire    . . .     SeeInvis .   a - +1 short sword (vamp) {!w}
rCold    . . .     Gourm    .   c - +0 buckler
rNeg     . . .     Faith    .   d - +0 ring mail
rPois    .         Spirit   .   (no helmet)
rElec    .         Reflect  .   (no cloak)
rCorr    .         Harm     .   (no gloves)
MR       .....                  (no boots)
Stlth    +.........             (no amulet)
HPRegen  0.08/turn              i - +3 ring of intelligence
MPRegen  0.08/turn              (no ring)

@: no status effects
A: no striking features
a: no special abilities


You were on level 2 of the Dungeon.
You were hungry.

You visited 1 branch of the dungeon, and saw 2 of its levels.

You collected 14 gold pieces.

Inventory:

Hand Weapons
 a - a +1 vampiric short sword (weapon) {!w}
   (You took it off a kobold on level 2 of the Dungeon)
 w - a +2 shortbow
Missiles
 b - 54 arrows
Armour
 c - a +0 buckler (worn)
   (You found it on level 1 of the Dungeon)
 d - a +0 ring mail (worn)
Jewellery
 i - a +3 ring of intelligence (left hand)
   (You found it on level 1 of the Dungeon)
Scrolls
 j - a scroll of amnesia {unknown}
 k - a scroll of enchant armour {unknown}
Potions
 g - a potion of resistance {unknown}
 h - a potion of haste {unknown}
Comestibles
 e - 2 rations
 f - a chunk of flesh


   Skills:
 + Level 1.6 Fighting
 * Level 4.4 Bows
 + Level 1.5 Armour
 + Level 1.5 Dodging
 - Level 1.0 Stealth
 - Level 1.0 Shields
   Level 1.0 Evocations


You had 2 spell levels left.
You didn't know any spells.
Your spell library was empty.

Dungeon Overview and Level Annotations

Branches:
Dungeon (1/15)

Altars:

Annotations:
D:2 Robin


Message History

You kill the hobgoblin!
Robin throws the goblin at you!
You barely miss Robin. The goblin hits you with a +0 dagger.
You hit Robin.
You feel better. The goblin hits you with a +0 dagger.
You block Robin's attack.
You barely miss Robin. The goblin barely misses you.
You completely miss Robin. The goblin hits you but does no damage.
Robin hits you but does no damage. The goblin hits you with a +0 dagger.
You hit Robin.
You feel better.
The goblin no longer looks unusually strong.
The goblin barely misses you.
Robin roars a battlecry!
The goblins go into a battle-frenzy!
You block the goblin's attack. The goblin hits you with a +0 dagger.
You hit Robin.
You feel better.
The goblin no longer looks unusually strong.
The goblin hits you but does no damage. The goblin barely misses you. x2
You hit Robin.
You are feeling hungry.
You block the goblin's attack. The goblin barely misses you.
You closely miss Robin.
The goblin hits you with a +0 dagger. x2
You hit Robin but do no damage.
The hobgoblin no longer looks unusually strong.
The goblin no longer looks unusually strong.
The goblin hits you with a +0 dagger.
Robin hits you with a +2 vampiric short sword.
* * * LOW HITPOINT WARNING * * *
Robin draws strength from your wounds! You block the goblin's attack.
You hit Robin.
You feel better. The goblin closely misses you.
Robin's horned helmet rattles.
Robin hits you with a +2 vampiric short sword.
* * * LOW HITPOINT WARNING * * *
Robin draws strength from your wounds! The goblin hits you with a +0 dagger.
* * * LOW HITPOINT WARNING * * *
You hit Robin.
You feel better. The goblin hits you but does no damage.
Robin roars a battlecry!
The goblins go into a battle-frenzy!
The goblin hits you with a +0 dagger.
* * * LOW HITPOINT WARNING * * *
You hit Robin.
You feel better.
The goblin no longer looks unusually strong.
The goblin hits you with a +0 dagger.
* * * LOW HITPOINT WARNING * * *
Robin roars a battlecry!
The goblin goes into a battle-frenzy!
The goblin hits you with a +0 dagger.
* * * LOW HITPOINT WARNING * * *
You barely miss Robin. The goblin completely misses you.
Robin hits you but does no damage. The goblin hits you with a +0 dagger.
You die...

############## #####
.......g@g.(.# #####.....
#########g##.###.........
#g##)..#...###...
#g#..#.....# #
#g#....#...#
#g#...##.......#
#.........##..##
##...........>...
##............#.#.#


You could see Robin, a hobgoblin and 5 goblins.

Vanquished Creatures
  A dart slug (D:2)
  2 leopard geckos (D:1)
  2 giant cockroaches (D:1)
  9 goblins
  3 hobgoblins
  A kobold (D:2)
  A bat (D:1)
  4 frilled lizards
  4 rats
27 creatures vanquished.

Notes
Turn   | Place    | Note
-------+----------+-------------------------------------------
     0 | D:1      | MatthieuS the Human Wanderer began the quest for the Orb.
     0 | D:1      | MatthieuS set off with the following items: a +2 shortbow,
                  | 29 arrows, a +0 short sword, a +0 ring mail, a ration
     0 | D:1      | Reached XP level 1. HP: 15/15 MP: 1/1
    37 | D:1      | Reached XP level 2. HP: 5/21 MP: 2/2
  1069 | D:1      | Reached XP level 3. HP: 26/26 MP: 3/3
  1082 | D:1      | You fall into a shaft and drop 1 floor!
  1311 | D:2      | Noticed Robin
  1333 | D:2      | HP: 1/26 [goblin/+0 dagger[Robin] (5)]
  1334 | D:2      | Slain by a goblin

Levels and vault maps discovered:
D:1:      tarquinn_simple_flora_water_b, layout_basic, chequers_garden
D:2:      layout_loops_ring, first_ration, minmay_misc_feat_rows,
          grunt_qazlal_sundering, uniq_robin, uniq_crazy_yiuf_cottage

Action                   || total
-------------------------++-------
Melee: Short sword       ||   129
 Fire: Shortbow          ||    12
  Eat: Chunk             ||     1
Armor: Ring mail         ||    54
Dodge: Dodged            ||    59
Block: Buckler           ||    29

Table legend:
 A = Non-vault XP
 B = Vault XP
 C = Vault XP percentage of total XP
 D = Non-vault monster count
 E = Vault monster count
 F = Vault count percentage of total count
                 A         B        C        D         E       F
            +---------+---------+-------+---------+---------+-------
      Total |      40 |       8 |  16.7 |      23 |       4 |  14.8
            +---------+---------+-------+---------+---------+-------
        D:1 |      30 |       0 |   0.0 |      18 |       0 |   0.0
        D:2 |      10 |       8 |  44.4 |       5 |       4 |  44.4
            +---------+---------+-------+---------+---------+-------
